 Dungeon Crawl Stone Soup version 0.29-a0-486-ga88943ba61 (webtiles) character file.

Game seed: 6148045032801631258

128 Colgate the Sneak (level 5, -8/32 HPs)
             Began as a Kobold Brigand on May 26, 2022.
             Killed by divine providence
             ... invoked by an orc priest
              (13 damage)
             ... on level 3 of the Dungeon.
             The game lasted 00:05:19 (2860 turns).

Colgate the Sneak (Kobold Brigand)                  Turns: 2860, Time: 00:05:19

Health: -8/32      AC:  8    Str:  8    XL:     5   Next: 34%
Magic:  5/5        EV: 15    Int: 12    God:
Gold:   132        SH:  0    Dex: 19    Spells: 4/4 levels left

rFire   . . .      SeeInvis .   a - +2 dagger
rCold   . . .      Faith    .   (no shield)
rNeg    . . .      Spirit   .   h - +0 troll leather armour
rPois   .          Reflect  .   f - +2 helmet
rElec   .          Harm     .   c - +0 cloak
rCorr   .          Rampage  .   (no gloves)
Will    .....                   (no boots)
Stlth   ++++......              (no amulet)
HPRegen 0.90/turn               (no ring)
MPRegen 0.09/turn               (no ring)

@: no status effects
A: small, no large weapons, nightstalker 3
a: no special abilities


You were on level 3 of the Dungeon.
You visited 1 branch of the dungeon, and saw 3 of its levels.

You collected 132 gold pieces.

Inventory:

Hand Weapons
 a - a +2 dagger (weapon)
 b - a +1 vorpal hunting sling
Missiles
 d - 9 poisoned darts (quivered)
 e - 3 curare-tipped darts
 r - 4 boomerangs
Armour
 c - a +0 cloak (worn)
 f - a +2 helmet (worn)
 h - a +0 troll leather armour (worn)
Scrolls
 g - a scroll of fear {unknown}
 j - a scroll of silence {unknown}
 k - a scroll of immolation {unknown}
 l - a scroll of teleportation {unknown}
 m - a scroll of enchant weapon {unknown}
 n - a scroll of blinking {unknown}
Potions
 i - 4 potions of curing {@q1}
 o - 2 potions of brilliance
 p - a potion of attraction {unknown}
 q - a potion of heal wounds {unknown}


   Skills:
 - Level 3.0 Fighting
 - Level 4.1 Short Blades
 + Level 2.4 Throwing
 - Level 3.5 Dodging
 - Level 6.0 Stealth


You had 4 spell levels left.
You didn't know any spells.
Your spell library was empty.

Dungeon Overview and Level Annotations

Branches:
Dungeon (3/15)

Altars:


Innate Abilities, Weirdness & Mutations

You are small and have problems with some larger weapons.
You are completely attuned to the shadows.


Message History

You hit the orc priest but do no damage.
The orc closely misses you. The orc wizard barely misses you.
The orc priest calls down the wrath of Beogh upon you.
You barely resist.
You hit the orc priest but do no damage.
The orc barely misses you. The orc wizard misses you.
The orc priest closely misses you.
You hit the orc priest. The orc barely misses you.
The orc wizard completely misses you.
The orc priest calls down the wrath of Beogh upon you.
Pain shoots through your body!
* * * LOW HITPOINT WARNING * * *
You hit the orc priest. The orc hits you but does no damage.
The orc wizard mumbles some strange words.
The orc wizard flickers and vanishes!
Deactivating autopickup; reactivate with Ctrl-A.
The orc priest misses you.
You barely miss the orc priest.
You hit the orc priest but do no damage.
The orc closely misses you. Something hits you but does no damage.
The orc priest hits you but does no damage.
You barely miss the orc priest. The orc hits you but does no damage.
Something barely misses you. The orc priest closely misses you.
You hit the orc priest but do no damage.
The orc barely misses you. Something hits you but does no damage.
The orc priest misses you.
You hit the orc priest. The orc hits you with a +0 hand axe.
* * * LOW HITPOINT WARNING * * *
Something hits you but does no damage.
The orc priest casts a cantrip, but nothing happens.
You hit the orc priest but do no damage.
You barely miss the orc priest. The orc hits you with a +0 hand axe.
* * * LOW HITPOINT WARNING * * *
You hear some strange, mumbled words.
A magic dart appears from out of thin air!
The magic dart hits you.
* * * LOW HITPOINT WARNING * * *
The orc priest calls down the wrath of Beogh upon you.
Beogh smites you!
You die...

.......#
#.....#
o......#
#.....#
......[#
#.....#
o......+
+.....+
...........#
#.....#
...........#
#.....#
##.##......#
#.....#
.#...#......#
###...#
...{@o......#
#...#
.#..o#..#####
#...#
##.##..#
#...#
.......#
#<..#
##.....#
##### ######


You could see an orc priest and an orc.

Vanquished Creatures
  An orc wizard (D:3)
  Robin (D:3)
  A gnoll (D:1)
  A worm (D:2)
  2 dart slugs (D:1)
  9 orcs (D:3)
  2 endoplasms
  3 giant cockroaches
  8 goblins
  9 hobgoblins
  6 kobolds
  A quokka (D:2)
  4 ball pythons
  5 bats
  3 frilled lizards
  9 rats
65 creatures vanquished.

Notes
Turn   | Place    | Note
-------+----------+-------------------------------------------
     0 | D:1      | Colgate the Kobold Brigand began the quest for the Orb.
     0 | D:1      | Reached XP level 1. HP: 12/12 MP: 1/1
   176 | D:1      | Reached XP level 2. HP: 17/17 MP: 2/2
   334 | D:1      | Reached XP level 3. HP: 22/22 MP: 3/3
  1067 | D:2      | Reached XP level 4. HP: 28/28 MP: 4/4
  2031 | D:3      | Reached XP level 5. HP: 32/32 MP: 5/5
  2527 | D:3      | Noticed Robin
  2545 | D:3      | Killed Robin
  2546 | D:3      | Reached skill level 6 in Stealth
  2821 | D:3      | Found a faded altar of an unknown god.
  2860 | D:3      | Killed from afar by an orc priest

Illustrated notes

Levels and vault maps discovered:
D:1:      dpeg_arrival_court, layout_basic
D:2:      layout_loops_ring, kennysheep_generic_room_15
D:3:      layout_basic, ebering_ecumenical_altar_box, uniq_robin

Skill      XL: |  1  2  3  4  5 |
---------------+----------------+-----
Short Blades   | 4 |  4.1
Fighting       | 3 |  3.0
Dodging        | 2 3 |  3.5
Stealth        | 6 |  6.0
Throwing       | |  2.4

Action                   |  1- 3 |  4- 6 || total
-------------------------+-------+-------++-------
Melee: Dagger            |    60 |   156 ||   216
       Punch             |     2 |       ||     2
  Use: Scroll            |       |     2 ||     2
 Stab: Sleeping          |    14 |     6 ||    20
Armor: Troll leather arm |    11 |    50 ||    61
Dodge: Dodged            |    17 |   105 ||   122

Table legend: (Time is in decaauts)
 A = Elapsed time spent in this place.
 B = Non-inter-level travel time spent in this place.
 C = Inter-level travel time spent in this place.
 D = Time resting spent in this place.
 E = Time spent auto-exploring this place.
 F = Levels seen in this place.
 G = Mean time per level.
                   A        B        C        D        E       F      G
               +--------+--------+--------+--------+--------+-----+--------+
         Total |   2815 |   2642 |    173 |      0 |   2160 |   3 |  938.3 |
       Dungeon |   2815 |   2642 |    173 |      0 |   2160 |   3 |  938.3 |
               +--------+--------+--------+--------+--------+-----+--------+

Top non-repeatable levels by time:
     D:3: 1114 daAuts
     D:2: 923 daAuts
     D:1: 777 daAuts
